 Dungeon Crawl Stone Soup version bcrawl-1.20.1 (webtiles) character file.

Game seed: 15353670871171835959

26980 Freyura the Basher (level 13, 0/115 HPs)
             Began as a Minotaur Fighter on Jan 26, 2020.
             Was a High Priest of the Shining One.
             Slain by a catoblepas (7 damage)
             ... on level 4 of the Lair of Beasts.
             The game lasted 00:39:13 (15851 turns).

Freyura the Basher (Minotaur Fighter)              Turns: 15851, Time: 00:39:13

Health: 0/115      AC: 13    Str: 20    XL:     13   Next: 1%
Magic:  17/17      EV:  8    Int: 14    God:    the Shining One [*****.]
Gold:   1294       SH:  0    Dex: 16    Spells: 12/12 levels left

rFire    . . .     SeeInvis .   L - +1 morningstar
rCold    . . .     Gourm    .   c - +0 shield
rNeg     + + .     Faith    .   b - +0 scale mail
rPois    .         Spirit   .   q - +1 hat
rElec    .         Reflect  .   s - scarf {repulsion}
rCorr    .         Harm     .   (no gloves)
MR       ++...     NoTele   +   E - +2 pair of boots
Stlth    +.........             (no amulet)
HPRegen  0.29/turn              a - ring of Jepaatuj {-Tele MR+ Int+9 Stlth+}
MPRegen  0.15/turn              C - ring "Tusec" {+Fly MR+ Slay+2}

@: petrifying, glowing, repel missiles, very slow
A: retaliatory headbutt, horns 2
a: Divine Shield, Cleansing Flame, Summon Divine Warrior, Renounce Religion,
Evoke Flight


You were on level 4 of the Lair of Beasts.
You worshipped the Shining One.
The Shining One was extremely pleased with you.
You were not hungry.

You visited 3 branches of the dungeon, and saw 15 of its levels.
You also visited: Ossuary.

You collected 1294 gold pieces.

Inventory:

Hand Weapons
 i - a +2 whip of venom
 L - a +1 morningstar (weapon)
Missiles
 n - 3 throwing nets (quivered) {!f}
Armour
 b - a +0 scale mail (worn)
 c - a +0 shield (worn)
 q - a +1 hat (worn)
 s - a scarf of repulsion (worn)
 E - a +2 pair of boots (worn)
Jewellery
 a - the ring of Jepaatuj (left hand) {-Tele MR+ Int+9 Stlth+}
   (You found it on level 2 of the Lair of Beasts)

   [ring of protection from magic]

   It affects your intelligence (+9).
   It affects your resistance to hostile enchantments.
   It prevents most forms of teleportation.
   It makes you more stealthy.
 C - the ring "Tusec" (right hand) {+Fly MR+ Slay+2}
   (You acquired it on level 4 of the Lair of Beasts)

   [ring of flight]

   It affects your accuracy and damage with ranged weapons and melee attacks
   (+2).
   It affects your resistance to hostile enchantments.
   It lets you fly.
 D - an uncursed ring of positive energy
Wands
 F - a wand of iceblast (9)
 I - a wand of flame (17)
 J - a wand of enslavement (14)
Scrolls
 f - 7 scrolls of identify
 g - 3 scrolls of teleportation
 h - a scroll of fear
 k - a scroll of enchant weapon
 m - a scroll of immolation
 u - 8 scrolls of remove curse
 w - a scroll of fog
 y - 2 scrolls of magic mapping
 z - a scroll of blinking
 B - 3 scrolls of amnesia
Potions
 d - 2 potions of berserk rage
 j - 2 potions of magic
 l - 4 potions of lignification
 o - 2 potions of ambrosia
 p - 2 potions of flight {unknown}
 r - a potion of brilliance {unknown}
 t - 6 potions of curing
 v - a potion of cancellation {unknown}
 x - a potion of resistance {unknown}
 A - a potion of haste {unknown}
 H - a potion of degeneration {unknown}
Comestibles
 e - 23 rations {!d}


   Skills:
 + Level 10.8 Fighting
 + Level 14.1 Maces & Flails
 + Level 10.8 Armour
 + Level 9.3 Dodging
 + Level 10.8 Shields
 + Level 7.8 Invocations
 + Level 0.1 Evocations


You had 12 spell levels left.
You didn't know any spells.
Your spell library contained the following spells:

 Spells                   Type           Power        Failure   Level  Hunger
 Shock                    Conj/Air       #....        75%         1    ##.....
 Swiftness                Chrm/Air       #.......     87%         2    ###....
 Recall                   Summ/Tloc      N/A          98%         3    ####...
 Static Discharge         Air            #.......     98%         3    ####...
 Airstrike                Air            #.........   100%        4    #####..
 Aura of Abjuration       Summ           #.........   100%        5    ######.
 Lightning Bolt           Conj/Air       #.........   100%        5    ######.
 Summon Demon             Summ           #.........   100%        5    ######.
 Summon Forest            Summ/Tloc      #.........   100%        5    ######.
 Summon Mana Viper        Hex/Summ       #.......     100%        5    ######.
 Tree Form                Hex/Tmut       N/A          100%        5    ######.
 Shadow Creatures         Summ           N/A          100%        6    #######
 Statue Form              Tmut/Erth      #........    100%        6    #######
 Dragon Form              Tmut           #......      100%        7    #######
 Necromutation            Tmut/Necr      #.......     100%        8    #######


Dungeon Overview and Level Annotations

Branches:
Dungeon (10/12)            Temple (1/1) D:6            Lair (4/6) D:8
 Shoals (0/3) Lair:2       Spider (0/3) Lair:3          Orc (0/1) D:9

Altars:
Ashenzari
Cheibriados
Dithmenos
Elyvilon
Fedhas
Gozag
Hepliaklqana
Kikubaaqudgha
Lugonu
Makhleb
Nemelex Xobeh
Okawaru
Qazlal
Ru
Sif Muna
Trog
Uskayaw
Vehumet
Wu Jian
Xom
Yredelemnul
Zin
The Shining One

Shops:
D:5 !   D:7 }

Annotations:
D:10 Sonja


Innate Abilities, Weirdness & Mutations

You reflexively headbutt those who attack you in melee.
You have a pair of horns on your head.


Message History

The catoblepas is severely wounded.
You hit the catoblepas but do no damage.
The catoblepas is severely wounded.
The catoblepas gores you.
* * * LOW HITPOINT WARNING * * *
You hit the catoblepas but do no damage.
You headbutt the catoblepas, but do no damage.
The catoblepas is severely wounded.
The catoblepas breathes a plume of calcifying dust at you.
The blast of calcifying dust hits you!
* * * LOW HITPOINT WARNING * * *
No path to travel!
No path to travel!
No path to travel!
You thump the catoblepas!
The catoblepas is almost dead.
You are engulfed in calcifying dust.
You are slowing down.
The catoblepas gores you!
You die...

# # ## # #.
.####.###
#.#..##........
#....#.§.......
#..(...§......#
♣.@....... #
#♣Y......# #.
♣....#### #..
#♣.####
#...♣♣♣..#
#.......#
#####...# #...#
#..P#


You could see a catoblepas.

Vanquished Creatures
  The ghost of MisterOstroum the Fighter, a journeyman GnWn of Okawaru (Lair:3)
  3 hydras
  A centaur warrior (D:10)
  A queen ant (Lair:2)
  A two-headed ogre (D:8)
  2 cyclopes
  An oklob plant (Lair:3)
  2 ugly things
  4 centaur zombies
  A black mamba (Lair:1)
  Joseph (Lair:1)
  2 centaur skeletons (D:10)
  3 cane toads
  A rime drake (Lair:4)
  5 komodo dragons
  A troll (D:10)
  A hornet (D:8)
  3 blink frogs (Lair:2)
  5 hippogriffs
  3 wyverns
  3 spriggans (Lair:3)
  4 hogs (D:7)
  A human (D:7)
  3 basilisks
  3 hungry ghosts
  12 yaks
  7 crocodiles
  3 water moccasins
  20 soldier ants (Lair:2)
  Duvessa (D:6)
  An acid dragon (Lair:2)
  3 porcupines
  An eye of draining (D:10)
  3 phantoms (D:9)
  A sky beast (D:10)
  4 ice beasts
  An orc warrior (D:10)
  2 black bears
  5 centaurs
  A wolf (Lair:3)
  5 ogres
  2 elf zombies (D:5)
  A big kobold (D:10)
  8 bullfrogs
  4 scorpions (Lair:3)
  Dowan (D:6)
  7 killer bees
  6 howler monkeys
  A human zombie (D:5)
  A quasit (D:7)
  2 hounds
  A jelly (D:4)
  3 orc priests
  Crazy Yiuf (D:7)
  4 bullfrog skeletons
  A human skeleton (D:5)
  2 iguanas
  10 orc wizards
  5 hell rats (Lair:1)
  29 worker ants
  8 ogre zombies (D:9)
  A big kobold zombie (Ossuary)
  A hound skeleton (D:4)
  8 mummies (Ossuary)
  5 gnolls
  A howler monkey skeleton (D:6)
  A worker ant zombie (D:6)
  5 river rats (Lair:1)
  4 adders
  A shadow imp (D:10)
  An adder skeleton (D:8)
  5 worms
  3 dart slugs
  10 leopard geckos
  34 orcs
  10 bats
  9 giant cockroaches
  A gnoll zombie (Ossuary)
  4 goblins (D:1)
  13 hobgoblins
  3 jackals
  11 kobolds
  4 quokkas
  3 ball pythons
  5 frilled lizards
  A goblin skeleton (D:9)
  3 goblin zombies (D:9)
  4 hobgoblin zombies
  7 orc skeletons
  18 orc zombies
  10 rats
  A rat zombie (D:5)
410 creatures vanquished.

Vanquished Creatures (others)
  A fungus (Lair:3)
  7 plants
8 creatures vanquished.

Grand Total: 418 creatures vanquished

Notes
Turn   | Place    | Note
-------+----------+-------------------------------------------
     0 | D:1      | Freyura the Minotaur Fighter began the quest for the Orb.
     0 | D:1      | Reached XP level 1. HP: 19/19 MP: 0/0
   211 | D:1      | Reached XP level 2. HP: 23/27 MP: 1/1
   327 | D:1      | Reached skill level 3 in Maces & Flails
   381 | D:1      | Reached skill level 1 in Dodging
   526 | D:1      | Reached XP level 3. HP: 30/33 MP: 2/2
  1195 | D:2      | Reached XP level 4. HP: 39/40 MP: 3/3
  1354 | D:2      | Reached skill level 4 in Maces & Flails
  1487 | D:3      | Noticed a centaur
  1496 | D:3      | Killed a centaur
  1496 | D:3      | Reached XP level 5. HP: 12/47 MP: 4/4
  2867 | D:4      | Reached skill level 5 in Maces & Flails
  2867 | D:4      | Reached XP level 6. HP: 33/53 MP: 5/5
  3118 | D:4      | Noticed an ice beast
  3125 | D:4      | Reached skill level 5 in Shields
  3134 | D:4      | Killed an ice beast
  3134 | D:4      | Reached skill level 5 in Fighting
  3134 | D:4      | Reached skill level 5 in Armour
  3134 | D:4      | Reached XP level 7. HP: 29/61 MP: 6/6
  3286 | D:4      | Found a corrupted altar of Lugonu.
  3305 | D:4      | Reached skill level 6 in Maces & Flails
  3948 | D:5      | Entered Level 5 of the Dungeon
  3948 | D:5      | Found a basalt altar of Yredelemnul.
  3973 | D:5      | Found a white marble altar of Elyvilon.
  4003 | D:5      | Became a worshipper of Elyvilon the Healer
  4039 | D:5      | Found an ornate altar of the Wu Jian Council.
  4436 | D:5      | Found Fudaum's Distillery.
  4478 | D:5      | Reached skill level 1 in Invocations
  4478 | D:5      | Reached XP level 8. HP: 62/70 MP: 7/7
  4499 | D:5      | Reached skill level 7 in Maces & Flails
  4511 | D:5      | Found a sand-covered staircase.
  4523 | Ossuary  | Entered an ossuary
  5069 | D:5      | Found an ancient bone altar of Kikubaaqudgha.
  5246 | D:6      | Reached * piety under Elyvilon
  5291 | D:6      | Noticed a hippogriff
  5298 | D:6      | Killed a hippogriff
  5298 | D:6      | Reached skill level 8 in Maces & Flails
  5536 | D:6      | Noticed Duvessa
  5536 | D:6      | Noticed Dowan
  5541 | D:6      | Killed Dowan
  5545 | D:6      | Killed Duvessa
  5637 | D:6      | Found a staircase to the Ecumenical Temple.
  5644 | Temple   | Entered the Ecumenical Temple
  5714 | Temple   | Fell from the grace of Elyvilon
  5714 | Temple   | Became a worshipper of the Shining One
  5959 | D:6      | Reached XP level 9. HP: 74/78 MP: 10/10
  5973 | D:6      | Found a shattered altar of Ashenzari.
  6116 | D:7      | Noticed a cyclops
  6133 | D:7      | Killed a cyclops
  6133 | D:7      | Reached skill level 5 in Dodging
  6247 | D:7      | Reached skill level 9 in Maces & Flails
  6541 | D:7      | Found a runed door.
  6654 | D:7      | Got a twisted hand axe
  6699 | D:7      | Reached * piety under the Shining One
  6852 | D:7      | Found Gugeh's Gadget Boutique.
  6910 | D:7      | Noticed Crazy Yiuf
  6917 | D:7      | Killed Crazy Yiuf
  6997 | D:8      | Found a staircase to the Lair.
  6997 | D:8      | Noticed a two-headed ogre
  7009 | D:8      | Killed a two-headed ogre
  7009 | D:8      | Reached skill level 10 in Maces & Flails
  7009 | D:8      | Reached XP level 10. HP: 42/88 MP: 12/12
  7546 | D:8      | Found a shimmering altar of Xom.
  8363 | D:9      | Noticed a purple ugly thing
  8385 | D:9      | Killed a purple ugly thing
  8609 | D:9      | Reached skill level 5 in Invocations
  8639 | D:9      | Reached skill level 11 in Maces & Flails
  8684 | D:9      | Found a staircase to the Orcish Mines.
  8684 | D:9      | Reached ** piety under the Shining One
  8695 | D:9      | Reached *** piety under the Shining One
  8819 | D:9      | Found a stormy altar of Qazlal.
  8913 | D:9      | Reached **** piety under the Shining One
  9021 | D:9      | Reached XP level 11. HP: 95/95 MP: 14/14
  9532 | D:10     | Entered Level 10 of the Dungeon
  9532 | D:10     | Noticed a cyclops
  9539 | D:10     | Killed a cyclops
  9649 | D:10     | Noticed a white ugly thing
  9665 | D:10     | Killed a white ugly thing
  9770 | D:10     | Noticed a five-headed hydra
  9950 | D:10     | Noticed a centaur warrior
  9967 | D:10     | Killed a centaur warrior
  9967 | D:10     | Reached skill level 12 in Maces & Flails
 10093 | D:10     | Killed a five-headed hydra
 10405 | D:10     | Noticed Sonja
 10950 | Lair:1   | Entered Level 1 of the Lair of Beasts
 10951 | Lair:1   | Noticed Joseph
 10966 | Lair:1   | Killed Joseph
 10968 | Lair:1   | Noticed a five-headed hydra
 10978 | Lair:1   | Killed a five-headed hydra
 11442 | Lair:1   | Reached XP level 12. HP: 71/106 MP: 15/15
 11448 | Lair:1   | Identified the +4 hand axe of Amorality {pain, rElec rF+
                  | SInv} (You found it on level 7 of the Dungeon)
 12186 | Lair:1   | Reached skill level 10 in Armour
 12537 | Lair:1   | Reached skill level 10 in Fighting
 12541 | Lair:1   | Reached skill level 10 in Shields
 12613 | Lair:1   | Reached skill level 13 in Maces & Flails
 12712 | Lair:1   | Reached ***** piety under the Shining One
 13011 | Lair:2   | Found a staircase to the Shoals.
 13012 | Lair:2   | Got a coiled ivory ring
 13013 | Lair:2   | Identified the ring of Jepaatuj {-Tele MR+ Int+9 Stlth+}
                  | (You found it on level 2 of the Lair of Beasts)
 13132 | Lair:2   | Noticed an eight-headed hydra
 13143 | Lair:2   | Killed an eight-headed hydra
 13737 | Lair:2   | Noticed a queen ant
 13758 | Lair:2   | Killed a queen ant
 14470 | Lair:3   | Found a runed translucent door.
 14473 | Lair:3   | Noticed MisterOstroum's ghost (journeyman GnWn)
 14509 | Lair:3   | Found a hole to the Spider Nest.
 15041 | Lair:3   | Identified the +10 trident "Ajiph" {vamp, *Corrode Str+3}
 15102 | Lair:3   | Killed MisterOstroum's ghost
 15102 | Lair:3   | Reached skill level 14 in Maces & Flails
 15708 | Lair:4   | Reached XP level 13. HP: 87/115 MP: 17/17
 15792 | Lair:4   | Identified a scroll of acquirement
 15792 | Lair:4   | Identified the +0 pair of boots of Bitterness {Str+4 Int+4
                  | Stlth-} (You acquired it on level 4 of the Lair of Beasts)
 15792 | Lair:4   | Identified the ring "Tusec" {+Fly MR+ Slay+2} (You acquired
                  | it on level 4 of the Lair of Beasts)
 15851 | Lair:4   | Slain by a catoblepas

Skill      XL: |  1  2  3  4  5  6  7  8  9 10 11 12 |
---------------+-------------------------------------+-----
Maces & Flails | 3 4 5 6 8 10 11 12 14 | 14.1
Dodging        | 1 2 3 4 6 8 9 |  9.3
Armour         | 4 5 6 7 8 9 10 | 10.8
Shields        | 4 5 6 7 8 9 10 | 10.8
Fighting       | 4 5 6 7 8 9 10 | 10.8
Invocations    | 1 2 4 5 6 7 |  7.8
Evocations     | |  0.1

Action                   |  1- 3 |  4- 6 |  7- 9 | 10-12 | 13-15 || total
-------------------------+-------+-------+-------+-------+-------++-------
Melee: Flail             |    58 |       |       |       |       ||    58
       Headbutt          |    13 |    19 |    76 |   208 |     7 ||   323
       Whip              |    51 |   116 |   306 |   573 |       ||  1046
       Morningstar       |       |       |       |   331 |    15 ||   346
  Use: Scroll            |     2 |     4 |     6 |     4 |     1 ||    17
       Potion            |       |       |     3 |    10 |       ||    13
  Eat: Chunk             |     1 |     6 |     9 |    20 |       ||    36
       Ration            |       |       |     1 |     4 |       ||     5
Armor: Scale mail        |    37 |    37 |    54 |   132 |     7 ||   267
Dodge: Dodged            |    31 |    31 |    65 |   286 |     3 ||   416
       Deflected         |       |     1 |       |     7 |     1 ||     9
Block: Shield            |    51 |    43 |    89 |   382 |     3 ||   568
